Map: Ulrena

Players

Felix

  • Race: Protoss Protoss
  • League: Gold

capac - Winner!

  • Race: Terran Terran
  • League: Gold

VOD

Have the link to the VOD?

Description

Time

  • Played on: April 30, 2016, 5:12 a.m.
  • Length: 18:17
Show
View Real Time Build Order
Export as new Build Order

Felix Protoss 

Build Orders:  

Get SALT Encoding   

  12  0:02  Probe (Chrono Boost)  
  13  0:13  Probe (Chrono Boost)  
  14  0:19  Pylon  
  14  0:23  Probe (Chrono Boost)  
  15  0:38  Probe (Chrono Boost)  
  15  0:39  Gateway  
  16  0:48  Probe (Chrono Boost)  
  17  0:56  Assimilator  
  17  0:59  Probe (Chrono Boost)  
  18  1:09  Probe (Chrono Boost), Gateway  
  19  1:20  Probe (Chrono Boost)  
  20  1:29  Cybernetics Core  
  20  1:35  Probe (Chrono Boost)  
  21  1:43  Pylon  
  21  1:52  Assimilator  
  21  1:53  Probe (Chrono Boost)  
  22  2:04  Probe (Chrono Boost)  
  23  2:13  Nexus  
  23  2:20  Warp Gate  
  23  2:23  Adept (Chrono Boost)  
  27  2:39  Adept (Chrono Boost)  
  27  2:54  Probe  
  27  2:58  Pylon  
  28  3:02  Pylon  
  28  3:04  Adept (Chrono Boost)  
  30  3:13  Twilight Council  
  32  3:20  Adept (Chrono Boost)  
  32  3:21  Forge  
  32  3:37  Probe  
  32  3:41  Pylon  
  33  3:42  Probe  
  33  3:44  Pylon  
  34  3:53  Resonating Glaives  
  34  3:55  Protoss Ground Weapons Level 1  
  34  3:59  Probe  
  34  4:00  Probe  
  36  4:13  Robotics Facility  
  36  4:16  Probe x2  
  37  4:23  Pylon  
  38  4:29  Mothership Core  
  38  4:30  Probe  
  41  4:40  Probe  
  42  4:51  Gateway  
  42  4:52  Gateway  
  42  4:58  Gateway  
  42  5:04  Gateway  
  42  5:10  Gateway  
  42  5:13  Probe, Observer, Gateway  
  43  5:16  Probe  
  45  5:24  Probe  
  47  5:28  Probe  
  47  5:30  Photon Cannon  
  47  5:34  Adept x2  
  51  5:42  Warp Prism  
  51  5:47  Probe  
  51  5:48  Probe  
  55  6:07  Adept x5  
  65  6:32  Stargate  
  65  6:53  Stalker x6  
  77  7:04  Pylon  
  77  7:07  Pylon  
  77  7:09  Pylon  
  77  7:12  Pylon  
  77  7:21  Pylon  
  81  7:23  Immortal  
  81  7:26  Pylon  
  81  7:27  Probe, Assimilator  
  81  7:28  Pylon  
  82  7:30  Assimilator  
  82  7:31  Probe  
  83  7:38  Probe  
  83  7:42  Sentry  
  83  7:43  Probe, Sentry  
  89  7:46  Sentry  
  89  7:47  Adept x3  
  89  7:48  Probe, Adept  
  100  7:55  Probe  
  101  8:11  Immortal  
  105  8:18  Nexus  
  105  8:22  Stalker x3  
  111  8:43  Stalker x4  
  83  9:09  Adept x7  
  71  9:33  Stalker  
  71  9:34  Probe, Stalker x5  
  84  9:59  Adept x6  
  96  10:01  Adept  
  98  10:35  Adept x3  
  100  10:36  Adept x4  
  100  10:39  Probe  
  113  10:50  Probe  
  114  10:57  Adept x7  
  122  11:40  Stalker  
  122  11:41  Stalker x6  
  122  11:46  Immortal  
  140  11:49  Oracle  
  143  12:25  Immortal  
  137  13:13  Adept x6  
  149  13:22  Pylon  
  149  13:25  Pylon  
  149  13:27  Pylon  
  145  13:55  Blink (Chrono Boost)  
  145  14:04  Stalker x7  
  159  14:14  Robotics Bay  
  159  14:18  Assimilator  
  159  14:20  Assimilator  
  159  14:22  Pylon  
  159  14:24  Pylon  
  159  14:26  Pylon  
  159  14:28  Stalker, Pylon  
  159  14:29  Stalker x6  
  159  14:30  Pylon  
  173  14:32  Pylon  
  173  14:57  Templar Archives  
  173  15:04  Disruptor  
  176  15:11  Adept x7  
  190  15:40  Disruptor  
  187  16:04  Psionic Storm  
  187  16:19  Adept x6  
  199  16:28  Nexus  
  68  17:25  Void Ray  
  68  17:27  Adept  
  68  17:28  Adept x3  
Show
View Real Time Build Order
Export as new Build Order

capac Terran - Winner!

Build Orders: Reaper Expand, MMM Bio 

Get SALT Encoding   

  12  0:00  SCV  
  13  0:12  SCV  
  14  0:18  Supply Depot  
  14  0:25  SCV  
  15  0:40  SCV  
  15  0:42  Barracks  
  16  0:45  Refinery  
  16  0:52  SCV  
  17  1:04  SCV  
  18  1:17  SCV  
  19  1:28  Reaper  
  19  1:31  Orbital Command  
  20  1:48  Command Center  
  20  2:00  Marine  
  21  2:02  SCV  
  21  2:05  Supply Depot  
  22  2:11  Factory  
  22  2:15  Refinery  
  22  2:38  Barracks Tech Lab, Barracks  
  22  2:51  SCV  
  23  2:56  Factory Tech Lab  
  23  2:59  Starport  
  23  3:02  Orbital Command  
  23  3:07  SCV  
  24  3:12  Marine  
  24  3:15  Stimpack  
  25  3:25  SCV, Orbital Command  
  26  3:29  Barracks Reactor  
  26  3:37  SCV  
  27  3:46  Medivac  
  29  3:49  Marine  
  29  3:50  Bunker  
  29  3:53  SCV x2  
  32  4:07  SCV x2  
  32  4:08  Barracks, Marine x2  
  32  4:09  Barracks  
  36  4:16  Medivac  
  38  4:28  Supply Depot, Marine x3  
  41  4:33  SCV  
  41  4:36  SCV  
  43  4:46  Liberator  
  43  4:57  Supply Depot  
  43  5:00  Barracks Reactor  
  43  5:01  Barracks Reactor  
  43  5:02  Engineering Bay  
  43  5:04  Engineering Bay  
  46  5:10  Marine x3  
  49  5:23  SCV  
  49  5:24  Supply Depot, SCV  
  49  5:26  Siege Tank  
  54  5:36  SCV x2  
  54  5:41  Marine  
  54  5:42  Marine x4  
  61  5:43  Refinery  
  61  5:44  Marine  
  61  5:45  Refinery  
  61  5:49  Supply Depot  
  62  6:01  Marine x2  
  62  6:02  Marine x4  
  68  6:11  SCV x2  
  68  6:16  Marine, Combat Shields  
  71  6:18  Starport Reactor  
  71  6:20  Siege Tank  
  74  6:27  Missile Turret  
  74  6:29  Missile Turret  
  74  6:36  Marine x4  
  78  6:43  Supply Depot  
  78  6:48  Marine x2  
  78  6:53  Supply Depot  
  80  6:59  Marine x2  
  80  7:00  Marine x2  
  84  7:03  Marauder  
  86  7:09  Supply Depot  
  86  7:11  Marine x2  
  88  7:33  Supply Depot  
  88  7:34  Marine x4  
  88  7:35  Marauder, Marine  
  88  7:36  Marine  
  96  7:38  Terran Infantry Weapons Level 1  
  96  7:39  Terran Infantry Armor Level 1, Liberator  
  96  7:52  Marine x4  
  103  8:02  Liberator  
  106  8:26  Liberator  
  106  8:39  Marine x4  
  106  8:40  Marine  
  106  8:41  Marauder  
  116  8:50  Starport, SCV  
  116  8:53  Starport  
  89  9:05  Siege Tank  
  84  9:10  Medivac  
  70  9:26  Medivac  
  65  9:36  Marine x3  
  65  9:37  Marine x3  
  65  9:38  Marauder  
  73  9:46  SCV x2  
  73  9:48  Command Center  
  75  9:55  Supply Depot  
  75  9:56  Marine x2  
  75  9:57  Marine  
  75  9:58  SCV x2  
  80  10:09  Marine  
  80  10:10  Marine x2  
  80  10:11  Marauder  
  85  10:29  Marine x4  
  85  10:30  Marine x2  
  91  10:47  SCV  
  91  10:48  SCV  
  91  10:49  Starport Reactor  
  93  10:53  Marine  
  93  10:54  Marine x4  
  98  11:00  Starport Reactor, SCV  
  99  11:07  Missile Turret  
  89  11:11  Missile Turret  
  85  11:57  Marine x4  
  85  11:58  Marauder, Marine x2, Liberator x4, Missile Turret  
  99  12:19  SCV x2  
  107  12:31  SCV x2  
  109  12:37  Orbital Command  
  109  12:43  SCV  
  110  12:44  Medivac  
  110  12:46  Medivac  
  114  13:08  SCV  
  115  13:14  Marine x6  
  119  14:01  Liberator x4  
  119  14:13  Command Center  
  119  14:23  Supply Depot  
  131  14:27  Armory  
  131  14:55  SCV x3  
  131  14:57  Marine x2  
  131  14:58  Marine x4  
  131  14:59  Marauder  
  142  15:10  Barracks  
  142  15:12  Refinery  
  142  15:13  Refinery, Barracks  
  142  15:17  Supply Depot  
  128  15:50  Liberator x4  
  128  15:51  Liberator x2  
  127  16:11  Marine x5  
  150  16:25  SCV x3  
  152  16:27  Missile Turret  
  153  16:37  SCV  
  107  17:46  Marine  
  107  17:47  Marine x6  
Tags
 
Composition
MMM Bio
League
GoldGold
Matchup
PvT
Add a new tag
Caveats
  • Supply blocks, unpowered buildings, or Contaminate may cause inaccurate times.
  • Supply counts are checked every 10 seconds.